 Dungeon Crawl Stone Soup version 0.25-a0-1133-g93ebf739aa (webtiles) character file.

Game seed: 14446903204114424059, levelgen mode: deterministic

31888 BeastOfSaturn the Basher (level 13, -3/101 HPs)
             Began as a Demonspawn Warper on May 21, 2020.
             Was an Initiate of Jiyva.
             Slain by a six-headed hydra (17 damage)
             ... on level 10 of the Dungeon.
             The game lasted 01:23:36 (21627 turns).

BeastOfSaturn the Basher (Demonspawn Warper)       Turns: 21627, Time: 01:23:37

Health: -3/101     AC: 24    Str: 21    XL:     13   Next: 28%
Magic:  0/17       EV: 10    Int: 20    God:    Jiyva [......]
Gold:   1565       SH: 17    Dex: 21    Spells: 9/17 levels left

rFire    + . .     SeeInvis +   y - +6 whip of Valour {protect, rPois Int+4 Dex+4}
rCold    + + +     Gourm    .   J - +2 tower shield {AC+3}
rNeg     . . .     Faith    .   Y - +2 scale mail {rC+}
rPois    +         Spirit   +   (no helmet)
rElec    +         Reflect  .   A - scarf {rC+ rF+}
rCorr    .         Harm     .   E - +2 pair of gloves {Str+3}
MR       .....                  (boots unavailable)
Stlth    +.........             S - amulet "Plog" {Spirit rElec}
HPRegen  0.26/turn              M - ring of the Octopus King {AC+1 EV+1 Str+1 Int+1 Dex+1 SInv}
MPRegen  0.15/turn              H - ring of protection from cold

@: protection aura
A: hooves 3, thin skeletal structure 2, demonic guardian 1, powered by death 1,
augmentation 1
a: Renounce Religion


You were on level 10 of the Dungeon.
You worshipped Jiyva.
Jiyva was noncommittal.
You were not hungry.

You visited 2 branches of the dungeon, and saw 17 of its levels.
You also visited: Volcano.

You collected 3838 gold pieces.
You spent 1759 gold pieces at shops.
You paid 514 gold pieces to Gozag.

Inventory:

Hand Weapons
 m - the +11 whip "Dehall" {drain, rElec Dex+3}
   (You took it off an orc on level 4 of the Dungeon)

   A truly terrible weapon, it drains the life of those it strikes.
   It affects your dexterity (+3).
   It insulates you from electricity.
 y - the +6 whip of Valour (weapon) {protect, rPois Int+4 Dex+4}
   (You found it on level 6 of the Dungeon)

   It grants its wielder temporary protection when it strikes (+7 to AC).
   It affects your intelligence (+4).
   It affects your dexterity (+4).
   It protects you from poison.
Missiles
 e - 5 boomerangs of dispersal (quivered)
 T - 2 boomerangs
Armour
 A - a scarf of resistance (worn)
 E - a +2 pair of gloves of strength (worn)
 J - a +2 tower shield of protection (worn)
 V - a +2 buckler
 X - the +2 ring mail "Gitof" {rF++ rN+++ rCorr Dex-4}
   (You found it on level 5 of the Lair of Beasts)

   It affects your dexterity (-4).
   It greatly protects you from fire.
   It renders you almost immune to negative energy.
   It provides partial protection from all sources of acid and corrosion.
 Y - a +2 scale mail of cold resistance (worn)
Jewellery
 o - a +4 ring of evasion
 H - a ring of protection from cold (right hand)
 M - a ring of the Octopus King (left hand) {AC+1 EV+1 Str+1 Int+1 Dex+1 SInv}
   (You bought it in a shop on level 10 of the Dungeon)

   [ring of see invisible]

   It affects your AC (+1).
   It affects your evasion (+1).
   It affects your strength (+1).
   It affects your intelligence (+1).
   It affects your dexterity (+1).
   It lets you see invisible.
 O - an uncursed ring of ice
 S - the amulet "Plog" (around neck) {Spirit rElec}
   (You acquired it on level 5 of the Lair of Beasts)

   [amulet of guardian spirit]

   It causes incoming damage to be split between your health and magic.
   It insulates you from electricity.
Wands
 l - a wand of acid (28)
 s - a wand of iceblast (1)
 v - a wand of random effects (67)
 z - a wand of paralysis (25)
 D - a wand of polymorph (8)
 I - a wand of enslavement (13)
 L - a wand of clouds (7)
Scrolls
 d - a scroll of blinking
 g - 3 scrolls of enchant armour
 h - a scroll of enchant weapon
 k - 2 scrolls of immolation
 n - 8 scrolls of teleportation
 p - 9 scrolls of remove curse
 t - 2 scrolls of amnesia
 B - 2 scrolls of fog
 C - 2 scrolls of identify
 F - a scroll of noise
 G - a scroll of random uselessness
 R - 2 scrolls of silence
 U - 2 scrolls of torment
Potions
 a - 5 potions of might
 c - 3 potions of mutation
 f - 4 potions of lignification
 i - 2 potions of magic
 j - a potion of cancellation
 q - a potion of invisibility
 r - 3 potions of flight
 u - 3 potions of berserk rage
 w - a potion of haste
 N - a potion of resistance
 P - a potion of curing
 Q - a potion of brilliance
 W - a potion of heal wounds
Comestibles
 b - 17 rations


   Skills:
 * Level 9.2 Fighting
   Level 1.7 Long Blades
 - Level 14.0 Maces & Flails
   Level 2.2 Polearms
 - Level 0.8 Throwing
 - Level 7.0 Armour
 - Level 4.0 Dodging
 - Level 0.5 Stealth
 * Level 4.3 Shields
 - Level 2.6 Spellcasting
 - Level 7.0 Translocations
 * Level 6.6 Evocations


You had 9 spell levels left.
You knew the following spells:

 Your Spells              Type           Power        Failure   Level  Hunger
a - Blink                 Tloc           N/A          43%         2    ##.....
b - Teleport Other        Tloc           ####....     67%         3    ###....
c - Gell's Gravitas       Tloc           ####......   67%         3    ###....

Your spell library contained the following spells:

 Spells                   Type           Power        Failure   Level  Hunger
 Apportation              Tloc           ####..       30%         1    None
 Lesser Beckoning         Tloc           ####......   67%         3    ###....
 Shroud of Golubria       Chrm/Tloc      ###...       89%         2    ##.....
 Passage of Golubria      Tloc           N/A          97%         4    ####...
 Animate Skeleton         Necr           N/A          99%         1    None
 Corona                   Hex            #......      99%         1    None
 Summon Small Mammal      Summ           #...         99%         1    None
 Static Discharge         Conj/Air       #.......     100%        3    ###....
 Lightning Bolt           Conj/Air       #.........   100%        5    ######.
 Ignition                 Fire           #.........   100%        8    #######
 Shatter                  Erth           #.........   100%        9    #######
 Tornado                  Air            #.........   100%        9    #######


Dungeon Overview and Level Annotations

Branches:
Dungeon (11/15)            Temple (0/1) D:7            Lair (6/6) D:10
  Swamp (0/4) Lair:3       Spider (0/4) Lair:4        Slime (0/5) Lair:5
Volcano (visited)
    Orc: D:9-12

Altars:
Fedhas
Gozag
Hepliaklqana
Ru
Xom
The Shining One
Beogh
Jiyva

Shops:
D:4 [   D:6 !   D:10 =   Lair:5 [

Annotations:
Lair:1 1 runed translucent door, Necrophagist's ghost, novice GrFi
Lair:2 exclusion: 2 oklob plants
Lair:4 2 runed translucent doors, Bonieng's ghost, journeyman VSTm
Lair:6 1 runed translucent door, ragnag's ghost, journeyman TrMo


Innate Abilities, Weirdness & Mutations

You have hooves in place of feet.
You have a moderately thin skeletal structure. (Dex +4, Stealth+)
A weak demonic guardian rushes to your aid.
You regenerate a little health from kills.
Your magical and physical power is slightly enhanced at high health.


Message History

There is an open door here.
The six-headed hydra bites you but does no damage.
You block the six-headed hydra's attack.
The six-headed hydra bites you.
You block the six-headed hydra's attack. x2
The six-headed hydra completely misses you.
You see here 17 stones.
Evoke which item? (* to show all) (? for menu, Esc to quit)
Aiming: Paralyse
Press: ? - help, Shift-Dir - straight line, f - six-headed hydra
Aim: a six-headed hydra (lightly wounded, berserk, incited by Gozag, chance to defeat MR: 31%)
The six-headed hydra easily resists.
The six-headed hydra bites you! The six-headed hydra bites you!!
* * * LOW HITPOINT WARNING * * *
You block the six-headed hydra's attack.
The six-headed hydra bites you.
* * * LOW HITPOINT WARNING * * *
The six-headed hydra bites you but does no damage.
The six-headed hydra bites you!!
You die...

#.# #...... #.#
#...... #.# #......
#.# #...... #.#
#...... #.# #...)..
#.# ####'## #.# #.#
#@# #.# ##D#### #.#
#..>..### ####'##
#.....'.#####......
#[....#.....#..####
#.<...#####.'..#
#.....# ###..#
#.....# #..#
#.....# #..####


You could see a six-headed hydra (berserk, incited).

Vanquished Creatures
  2 hydras (Lair:5)
  A two-headed ogre (D:7)
  A fire crab (Volcano)
  Joseph (D:9)
  4 elephants (Lair:3)
  2 molten gargoyles (Volcano)
  A black mamba (Lair:5)
  3 spiny frogs
  3 rime drakes
  10 komodo dragons
  Maggie (Lair:2)
  A centaur skeleton (D:10)
  2 trolls
  A queen bee (Lair:3)
  A polar bear (Lair:5)
  5 dream sheep (Lair:6)
  8 blink frogs
  2 bog bodies (Lair:3)
  The ghost of Necrophagist the Shield-Bearer, an amateur GrFi (D:4)
  5 hippogriffs
  A basilisk (Lair:4)
  2 wyverns
  Sigmund (D:4)
  18 yaks
  Eustachio (D:4)
  9 fire bats
  A vampire mosquito (D:8)
  2 steam dragons (Volcano)
  Duvessa (D:6)
  8 water moccasins
  8 porcupines
  3 ice beasts
  A black bear (D:4)
  A hell hound (Volcano)
  4 sky beasts
  A slave (D:9)
  A hornet zombie (D:6)
  A phantom (D:8)
  2 orc warriors
  3 ogres
  11 wolves
  13 crocodiles
  2 centaurs
  A big kobold (D:9)
  11 bullfrogs
  Dowan (D:6)
  3 scorpions
  25 killer bees (Lair:3)
  3 wights (D:7)
  An electric eel (Lair:2)
  5 lava snakes (Volcano)
  7 hounds
  2 jellies
  9 orc priests
  8 orc wizards
  Ijyb (D:4)
  An iguana (D:9)
  6 worker ants
  2 hound zombies
  2 hound skeletons (D:10)
  2 gnolls (D:6)
  8 adders
  2 shadow imps
  An ooze (D:1)
  5 worms
  3 dart slugs
  5 leopard geckos
  26 orcs
  A ball python (D:3)
  4 bats
  5 giant cockroaches
  10 goblins
  6 hobgoblins
  11 jackals
  5 quokkas
  5 frilled lizards
  6 kobolds
  2 leopard gecko skeletons (D:8)
  4 rats
  A fungus (D:7)
350 creatures vanquished.

Vanquished Creatures (collateral kills)
  Harold (D:9)
  A hydra (Lair:3)
  Urug (Lair:2)
  Pikel (D:9)
  3 komodo dragons
  A blink frog (Lair:5)
  A dream sheep (Lair:6)
  3 hippogriffs
  3 yaks
  A steam dragon (D:10)
  A water moccasin (Lair:3)
  A phantom (D:7)
  An eye of draining (D:8)
  2 wolves
  A centaur (D:5)
  A bullfrog (Lair:2)
  A scorpion (D:6)
  A crimson imp (D:6)
  A worker ant (D:4)
  An adder (D:2)
  A gnoll (D:6)
  A dart slug (D:2)
  A leopard gecko (D:9)
  3 orcs
  A hobgoblin (D:2)
  A quokka (D:7)
  A frilled lizard (D:4)
  A fungus (Lair:2)
37 creatures vanquished.

Vanquished Creatures (others)
  A lindwurm (Volcano)
  4 fungi
  8 plants
13 creatures vanquished.

Grand Total: 400 creatures vanquished

Notes
Turn   | Place    | Note
-------+----------+-------------------------------------------
     0 | D:1      | BeastOfSaturn the Demonspawn Warper began the quest for the
                  | Orb.
     0 | D:1      | Reached XP level 1. HP: 16/16 MP: 3/3
    53 | D:1      | Reached skill level 1 in Armour
   242 | D:1      | Gained mutation: A weak demonic guardian rushes to your
                  | aid. [demonic ancestry]
   242 | D:1      | Reached XP level 2. HP: 19/23 MP: 5/5
   627 | D:1      | Learned a level 2 spell: Blink
   990 | D:2      | Gained mutation: You regenerate a little health from kills.
                  | [demonic ancestry]
   990 | D:2      | Reached XP level 3. HP: 25/28 MP: 6/6
  1119 | D:2      | Learned a level 3 spell: Teleport Other
  2585 | D:3      | Gained mutation: You have large cloven feet. [demonic
                  | ancestry]
  2585 | D:3      | Reached XP level 4. HP: 32/35 MP: 7/7
  2680 | D:3      | Found a glowing golden altar of the Shining One.
  2987 | D:3      | Learned a level 3 spell: Gell's Gravitas
  3137 | D:3      | Found an opulent altar of Gozag.
  3295 | D:3      | Became a worshipper of Gozag Ym Sagoz the Greedy
  3972 | D:4      | Found Ceh Gam's Antique Armour Shop.
  4434 | D:4      | Noticed Ijyb
  4435 | D:4      | Found a runed translucent gate.
  4484 | D:4      | Killed Ijyb
  4485 | D:4      | Found a runed translucent gate.
  4507 | D:4      | Noticed Necrophagist's ghost (amateur GrFi)
  4508 | D:4      | Found a runed translucent gate.
  4509 | D:4      | Identified the +11 whip "Dehall" {drain, rElec Dex+3}
  4509 | D:4      | Identified the +9 chain mail of Truth {rN+}
  4512 | D:4      | Found a roughly hewn altar of Beogh.
  4516 | D:4      | Noticed Eustachio
  4576 | D:4      | Killed Eustachio
  4576 | D:4      | Reached skill level 1 in Maces & Flails
  4576 | D:4      | Reached XP level 5. HP: 17/42 MP: 8/8
  4577 | D:4      | Noticed Sigmund
  4617 | D:4      | Killed Sigmund
  4617 | D:4      | Reached skill level 2 in Maces & Flails
  4617 | D:4      | Reached XP level 6. HP: 27/48 MP: 9/9
  5308 | D:4      | Found a shimmering altar of Xom.
  5357 | D:5      | Entered Level 5 of the Dungeon
  5400 | D:5      | Reached skill level 1 in Polearms
  5401 | D:5      | Gained mutation: You have hoof-like feet. [demonic
                  | ancestry]
  5401 | D:5      | Reached XP level 7. HP: 48/54 MP: 10/10
  6307 | D:4      | Bought a crude ring mail for 216 gold pieces
  6317 | D:4      | Identified the +1 ring mail "Vetton" {rF++} (You bought it
                  | in a shop on level 4 of the Dungeon)
  6943 | D:6      | Noticed Dowan
  6945 | D:6      | Got an iridescent whip
  6949 | D:5      | Identified the +6 whip of Valour {protect, rPois Int+4
                  | Dex+4} (You found it on level 6 of the Dungeon)
  6960 | D:6      | Killed Dowan
  6963 | D:6      | Noticed Duvessa
  6987 | D:6      | Killed Duvessa
  7202 | D:6      | Reached skill level 5 in Armour
  7249 | D:6      | Reached XP level 8. HP: 61/61 MP: 11/11
  7283 | D:6      | Found a sacrificial altar of Ru.
  7457 | D:6      | Found Desauc's Distillery.
  7465 | D:6      | Bought a potion of might for 60 gold pieces
  7606 | D:6      | Reached skill level 5 in Fighting
  7606 | D:6      | Reached skill level 3 in Maces & Flails
  8141 | D:7      | Found a blossoming altar of Fedhas.
  8171 | D:7      | Reached skill level 4 in Maces & Flails
  8315 | D:7      | Found a staircase to the Ecumenical Temple.
  8421 | D:7      | Noticed a two-headed ogre
  8455 | D:7      | Killed a two-headed ogre
  8455 | D:7      | Reached skill level 5 in Maces & Flails
  8455 | D:7      | Gained mutation: Your magical and physical power is
                  | slightly enhanced at high health. [demonic ancestry]
  8455 | D:7      | Reached XP level 9. HP: 37/68 MP: 12/12
  8895 | D:8      | Reached skill level 6 in Maces & Flails
  8918 | D:8      | Reached skill level 5 in Translocations
  9510 | D:8      | Reached skill level 7 in Maces & Flails
  9510 | D:8      | Reached skill level 1 in Evocations
  9530 | D:8      | Found a hazy altar of Hepliaklqana.
  9631 | D:9      | Noticed Harold
  9658 | D:9      | Killed Harold
  9658 | D:9      | Reached skill level 8 in Maces & Flails
  9826 | D:9      | Reached XP level 10. HP: 61/74 MP: 13/13
 10250 | D:9      | Noticed Joseph
 10272 | D:9      | Killed Joseph
 10409 | D:9      | Noticed Pikel
 10426 | D:9      | Killed Pikel
 10426 | D:9      | Reached skill level 9 in Maces & Flails
 10651 | D:10     | Entered Level 10 of the Dungeon
 11432 | D:10     | Reached skill level 10 in Maces & Flails
 11578 | D:10     | Reached skill level 1 in Shields
 11649 | D:10     | Found a staircase to the Lair.
 11812 | D:10     | Found Qixot's Jewellery Shoppe.
 11819 | D:10     | Bought a ring of the Octopus King {AC+1 EV+1 Str+1 Int+1
                  | Dex+1 SInv} for 403 gold pieces
 11819 | D:10     | Found the ring of the Octopus King {AC+1 EV+1 Str+1 Int+1
                  | Dex+1 SInv}
 11948 | Lair:1   | Entered Level 1 of the Lair of Beasts
 12319 | Lair:1   | Found a runed translucent door.
 12321 | Lair:1   | Identified the +9 spear of the Beast {freeze, MR+ Stlth+}
 12323 | Lair:1   | Noticed a spriggan rider
 12323 | Lair:1   | Noticed Necrophagist's ghost (novice GrFi)
 12673 | Lair:2   | Noticed Urug
 12936 | Lair:2   | Noticed an oklob plant
 12936 | Lair:2   | Noticed an oklob plant
 12955 | Lair:2   | Gained mutation: You have hooves in place of feet. [demonic
                  | ancestry]
 12955 | Lair:2   | Reached XP level 11. HP: 76/79 MP: 14/14
 12996 | Lair:2   | HP: 2/79 [komodo dragon (21)]
 13384 | Lair:2   | Noticed Maggie
 13411 | Lair:2   | Killed Maggie
 13806 | Lair:2   | Reached skill level 11 in Maces & Flails
 14101 | Lair:2   | Killed Urug
 14963 | Lair:3   | Found a staircase to the Swamp.
 15339 | Lair:3   | Reached skill level 12 in Maces & Flails
 15489 | Lair:3   | Gained mutation: You have a somewhat thin skeletal
                  | structure. (Dex +2, Stealth) [demonic ancestry]
 15489 | Lair:3   | Reached XP level 12. HP: 65/86 MP: 15/15
 15936 | Lair:3   | Noticed a five-headed hydra
 15946 | Lair:3   | Killed a five-headed hydra
 16135 | Lair:3   | Reached skill level 13 in Maces & Flails
 16146 | Lair:3   | Reached skill level 5 in Evocations
 16866 | Lair:4   | Found a hole to the Spider Nest.
 17341 | Lair:4   | Found a large runed translucent door.
 17341 | Lair:4   | Found a large runed translucent door.
 17342 | Lair:4   | Noticed Bonieng's ghost (journeyman VSTm)
 18183 | Lair:5   | Found a viscous altar of Jiyva.
 18183 | Lair:5   | Found a staircase to the Slime Pits.
 18216 | Lair:5   | Got a faintly humming ring mail
 18452 | Lair:5   | Noticed a six-headed hydra
 18461 | Lair:5   | Killed a six-headed hydra
 18461 | Lair:5   | Reached skill level 14 in Maces & Flails
 18602 | Lair:5   | Found a dark tunnel.
 18612 | Volcano  | Entered a volcano
 18866 | Volcano  | Found a bloodstained altar of Trog.
 18899 | Volcano  | Gained mutation: You have a moderately thin skeletal
                  | structure. (Dex +4, Stealth+) [demonic ancestry]
 18899 | Volcano  | Reached XP level 13. HP: 83/97 MP: 17/17
 19043 | Lair:5   | Identified a scroll of acquirement
 19044 | Lair:5   | Got the amulet "Plog" {Spirit rElec}
 19060 | Lair:5   | Identified the +2 ring mail "Gitof" {rF++ rN+++ rCorr
                  | Dex-4} (You found it on level 5 of the Lair of Beasts)
 19354 | Lair:6   | Entered Level 6 of the Lair of Beasts
 19938 | D:5      | Identified the +1 leather armour of the Crypt {Str+7 Dex+2}
 19994 | D:6      | Bought a potion of might for 60 gold pieces
 19994 | D:6      | Bought a potion of cancellation for 120 gold pieces
 19994 | D:6      | Bought a potion of might for 60 gold pieces
 19994 | D:6      | Bought a potion of might for 60 gold pieces
 19994 | D:6      | Bought a potion of mutation for 120 gold pieces
 20115 | D:4      | Killed Necrophagist's ghost
 20506 | Lair:5   | Bought a glowing tower shield for 225 gold pieces
 20506 | Lair:5   | Bought a pair of glowing gloves for 225 gold pieces
 20506 | Lair:5   | Bought a runed scale mail for 210 gold pieces
 20662 | Lair:5   | Fell from the grace of Gozag
 20662 | Lair:5   | Became a worshipper of Jiyva Joiwit the Shapeless
 21199 | Lair:6   | Found a runed translucent door.
 21203 | Lair:6   | Noticed ragnag's ghost (journeyman TrMo)
 21204 | Lair:6   | Identified the +0 trident "Serch" {pain, rF+ Int+2}
 21627 | D:10     | Slain by a six-headed hydra

Illustrated notes

Levels and vault maps discovered:
D:1:      scummos_arrival_simple_crosswalls, layout_basic,
          grunt_decor_mini_mirrors
D:2:      layout_basic, first_ration, hangedman_decor_push
D:3:      layout_loops_cross, nicolae_gozag_seed_capital,
          nicolae_tso_carved_into_rock
D:4:      layout_basic, kennysheep_mini, serial_shops, shop,
          biasface_ghost_orc_armoury, uniq_ijyb, uniq_eustachio, uniq_sigmund
D:5:      layout_basic
D:6:      layout_loops_cross, kennysheep_little_box, serial_shops,
          nicolae_shop_stone, minivault_5, kennysheep_generic_room_12,
          uniq_duvessa
D:7:      layout_cave_pools, minmay_temple_entry_junction_2, the_bakery,
          fedhas_altar_fruit_tree, uniq_crazy_yiuf_cottage
D:8:      hangedman_cross_stitches, layout_basic, lemuel_round_altar,
          hangedman_decor_lopped
D:9:      layout_roguey, uniq_harold, uniq_joseph, uniq_pikel
D:10:     layout_roguey, erik_lair_dragon, serial_shops, shop
D:11:     layout_cave_pools
Lair:1:   layout_regular_city, ebering_ghost_funeral_grove, grunt_megastairs_1
Lair:2:   layout_hall_layers, chequers_serial_rivers_large_a, st_stairs_6,
          serial_bayou_pond_b, beast_lair_carwin_9, minmay_lair_oklob_chamber,
          uniq_urug, uniq_maggie
Lair:3:   layout_loops_ring, skrybe_swamp_entry_bodies, special_room
          [special_room_bee], grunt_megastairs_5
Lair:4:   layout_cave_pods, spider_nest_entry_web_field,
          ebering_ghost_disaster_area
Lair:5:   layout_big_grid, slime_altar_1, nicolae_volcano_entry_batcave,
          minivault_19
Lair:6:   grunt_lair_end_beastmaster, layout_hall_layers,
          ebering_ghost_funeral_grove, minmay_lair_oklob_bushes

Skill      XL: |  1  2  3  4  5  6  7  8  9 10 11 12 13 |
---------------+----------------------------------------+-----
Armour         | 1 3 4 5 6 7 |  7.0
Fighting       | 3 4 5 7 9 |  9.2
Translocations | 3 4 5 6 7 |  7.0
Maces & Flails | 1 2 5 8 10 12 14 | 14.0
Polearms       | 1 2 |  2.2
Dodging        | 2 3 4 |  4.0
Evocations     | 1 3 4 6 |  6.6
Shields        | 1 4 |  4.3
Long Blades    | |  1.7
Throwing       | |  0.8
Stealth        | |  0.5
Spellcasting   | |  2.6

Action                   |  1- 3 |  4- 6 |  7- 9 | 10-12 | 13-15 || total
-------------------------+-------+-------+-------+-------+-------++-------
Melee: Falchion          |    77 |       |       |       |       ||    77
       Long sword        |    47 |    33 |       |       |       ||    80
       Mace              |       |   189 |       |       |       ||   189
       Scythe            |       |    68 |   107 |       |       ||   175
       Whip              |       |       |   332 |   982 |   122 ||  1436
       Kick              |       |       |       |   267 |    69 ||   336
 Cast: Blink             |       |     2 |       |       |       ||     2
       Gell's Gravitas   |       |       |     2 |       |       ||     2
Invok: Call Merchant     |       |       |       |       |     1 ||     1
Evoke: Wand              |       |     4 |     4 |       |     7 ||    15
  Use: Scroll            |       |     8 |     4 |     7 |    15 ||    34
       Potion            |       |       |     1 |     2 |       ||     3
 Stab: Distracted        |       |     1 |     3 |    15 |     1 ||    20
       Sleeping          |       |     1 |       |       |     2 ||     3
       Paralysed         |       |       |     4 |       |     4 ||     8
  Eat: Chunk             |     5 |       |       |       |     1 ||     6
       Ration            |       |     3 |     5 |     9 |     2 ||    19
Armor: Leather armour    |    36 |    41 |       |       |       ||    77
       Chain mail        |       |    93 |   100 |       |       ||   193
       Ring mail         |       |       |    96 |   197 |    14 ||   307
       Skin              |       |       |       |   104 |       ||   104
       Scale mail        |       |       |       |       |    13 ||    13
Dodge: Dodged            |    92 |   298 |   304 |   395 |    51 ||  1140
Block: Buckler           |       |       |       |   138 |    17 ||   155
       Tower shield      |       |       |       |       |    61 ||    61
       Rpst.: Falchion   |    15 |       |       |       |       ||    15
       Long sword        |    13 |     8 |       |       |       ||    21

Table legend:
 A = Non-vault XP
 B = Vault XP
 C = Vault XP percentage of total XP
 D = Non-vault monster count
 E = Vault monster count
 F = Vault count percentage of total count
                 A         B        C        D         E       F
            +---------+---------+-------+---------+---------+-------
      Total |   30010 |   15545 |  34.1 |     290 |      95 |  24.7
            +---------+---------+-------+---------+---------+-------
        D:1 |      37 |       0 |   0.0 |      18 |       0 |   0.0
        D:2 |      59 |       0 |   0.0 |      18 |       0 |   0.0
        D:3 |      39 |       0 |   0.0 |      17 |       0 |   0.0
        D:4 |     179 |     726 |  80.2 |      12 |      14 |  53.8
        D:5 |     651 |       0 |   0.0 |      21 |       0 |   0.0
        D:6 |     550 |     184 |  25.1 |      25 |       2 |   7.4
        D:7 |    1333 |       0 |   0.0 |      13 |       0 |   0.0
        D:8 |     571 |     729 |  56.1 |       9 |       8 |  47.1
        D:9 |    1138 |    2025 |  64.0 |      21 |       3 |  12.5
       D:10 |    1692 |     941 |  35.7 |      27 |       5 |  15.6
     Lair:1 |     285 |     103 |  26.5 |       2 |       1 |  33.3
     Lair:2 |    2456 |    3054 |  55.4 |      19 |      10 |  34.5
     Lair:3 |    7880 |    2957 |  27.3 |      34 |      30 |  46.9
     Lair:4 |    3193 |       0 |   0.0 |      16 |       0 |   0.0
     Lair:5 |    6644 |     703 |   9.6 |      24 |       4 |  14.3
     Lair:6 |    3303 |       0 |   0.0 |      14 |       0 |   0.0
    Volcano |       0 |    4123 | 100.0 |       0 |      18 | 100.0
            +---------+---------+-------+---------+---------+-------
